 Dungeon Crawl Stone Soup version 0.27-a0-1090-gb115f176c6 (webtiles) character file.

Game seed: 7095963868955034646

64788 rjrrt the Severer (level 14, -1/101 HPs)
             Began as a Demonspawn Berserker on Apr 28, 2021.
             Was a High Priest of Trog.
             Killed from afar by a frost giant (3 damage)
             ... with a bolt of cold
             ... in an ice cave.
             The game lasted 00:34:28 (18431 turns).

rjrrt the Severer (Demonspawn Berserker)           Turns: 18431, Time: 00:34:29

Health: -1/101     AC: 19    Str: 26    XL:     14   Next: 73%
Magic:  14/14      EV: 15    Int: 13    God:    Trog [*****.]
Gold:   1370       SH:  0    Dex: 16    Spells: 13/13 levels left

rFire    . . .     SeeInvis .   a - +3 executioner's axe (vamp)
rCold    . . .     Faith    .   (shield currently unavailable)
rNeg     + . .     Spirit   .   O - +2 chain mail {rN+}
rPois    .         Reflect  .   A - +0 helmet
rElec    .         Harm     .   g - +1 cloak
rCorr    .         Rampage  ∞   (gloves unavailable)
Will     +....                  y - +3 pair of seven-league boots {Rampage+∞}
Stlth    ..........             N - amulet "Riwni" {Regen+ Str+4 Dex+3}
HPRegen  1.26/turn              M - +4 ring of evasion
MPRegen  0.14/turn              (no ring)

@: on berserk cooldown, slowed, very slow
A: claws 3, powered by death 2, spiny 2, big brain 2
a: Renounce Religion, Berserk, Trog's Hand, Brothers in Arms


You were in an ice cave.
You worshipped Trog.
Trog was extremely pleased with you.
You visited 2 branches of the dungeon, and saw 17 of its levels.
You also visited: Ice Cave.

You collected 1370 gold pieces.

Inventory:

Hand Weapons
 a - a +3 vampiric executioner's axe (weapon)
 b - the +8 whip of Currency {venom, Will+ Dex+6 Stlth-}
   (You found it on level 4 of the Lair of Beasts)

   It poisons the flesh of those it strikes.
   It affects your dexterity (+6).
   It increases your willpower.
   It makes you less stealthy.
 c - a +0 spear of venom
 m - a +6 antimagic battleaxe
Missiles
 h - 5 boomerangs of dispersal
 p - 2 curare-tipped darts
 B - 2 throwing nets
 C - 62 poisoned darts (quivered)
Armour
 g - a +1 cloak (worn)
 y - the +3 pair of seven-league boots (worn) {Rampage+∞}
   (You found it on level 7 of the Dungeon)
 A - a +0 helmet (worn)
 O - a +2 chain mail of positive energy (worn)
Jewellery
 x - a ring of fire
 M - a +4 ring of evasion (left claw)
 N - the amulet "Riwni" (around neck) {Regen+ Str+4 Dex+3}
   (You found it on level 4 of the Lair of Beasts)

   [amulet of regeneration]

   It affects your strength (+4).
   It affects your dexterity (+3).
   It increases your rate of health regeneration.
Wands
 q - a wand of iceblast (25)
 t - a wand of digging (7)
 u - a wand of paralysis (10)
 w - a wand of polymorph (20)
 z - a wand of flame (66)
 G - a wand of acid (11)
Scrolls
 n - 4 scrolls of blinking
 s - 3 scrolls of enchant armour
 D - 6 scrolls of identify
 F - 2 scrolls of silence
 I - 3 scrolls of fog
 J - 2 scrolls of teleportation
 L - a scroll of summoning
Potions
 d - 3 potions of might
 e - 4 potions of heal wounds
 f - 8 potions of curing
 i - 4 potions of attraction
 j - a potion of resistance
 k - 3 potions of ambrosia
 l - a potion of invisibility
 o - 3 potions of haste
 r - 2 potions of magic
 v - a potion of flight
 E - a potion of cancellation
 H - 2 potions of mutation
 K - 2 potions of lignification


   Skills:
 + Level 6.7 Fighting
 * Level 20.4 Axes
 + Level 5.7 Armour
 + Level 5.7 Dodging
 + Level 2.1 Evocations


You had 13 spell levels left.
You didn't know any spells.
Your spell library was empty.

Dungeon Overview and Level Annotations

Branches:
Dungeon (11/15)            Temple (0/1) D:7            Lair (6/6) D:8
  Swamp (0/4) Lair:2       Spider (0/4) Lair:3        Slime (0/5) Lair:5
  IceCv (1/1)
    Orc: D:9-12

Altars:
Ashenzari
Cheibriados
Dithmenos
Elyvilon
Fedhas
Qazlal
Uskayaw
Wu Jian
Xom
Yredelemnul

Shops:
D:3 :   D:9 :

Annotations:
Lair:6 exclusion: 4 oklob plants


Innate Abilities, Weirdness & Mutations

You have claws for hands.
You regenerate health from kills.
You are mostly covered in sharp spines.
You have an extremely huge brain. (Int +4)


Message History

The bolt of cold misses you.
The frost giant hits you with a +1 battleaxe of freezing!
The frost giant freezes you.
Unknown command.
You slash the frost giant!
You feel better.
The frost giant is heavily wounded.
The frost giant casts a spell at you. The bolt of cold misses you.
Unknown command.
You hit the frost giant.
You feel better.
The frost giant is severely wounded.
The frost giant points at you and mumbles some strange words.
The bolt of cold hits you!!
The yak snorts and paws the ground.
The frost giant hits you with a +1 battleaxe of freezing.
The frost giant freezes you.
Unknown command.
You hit the frost giant.
You feel better.
The frost giant is severely wounded.
The frost giant hits you with a +1 battleaxe of freezing!!
* * * LOW HITPOINT WARNING * * *
The frost giant freezes you!
* * * LOW HITPOINT WARNING * * *
Unknown command.
Unknown command.
The frost giant misses you.
Okay, then.
You feel much better.
The frost giant points at you and mumbles some strange words.
The bolt of cold hits you!!
* * * LOW HITPOINT WARNING * * *
Unknown command.
You slice the frost giant!!
The frost giant is almost dead.
The frost giant points at you and mumbles some strange words.
The bolt of cold hits you!!
* * * LOW HITPOINT WARNING * * *
The frost giant gestures at you while chanting.
The bolt of cold hits you.
You die...

##.# .$ #=.#####
.### ###....###
Y..## ###....#...##
Y.h.#
##.....####..###h.h#
##.....#####..##h.Y#
....#####.#.###Y.###
...## #.⌠...###C.#
.### ##...#.#@###
######## ######.##
.##....### ###
#....#...###
#######....###
####...## ##...####
## ##.....## .#
##.....#.##


You could see a frost giant.

Vanquished Creatures
  3 dire elephants (Lair:6)
  A fire dragon (Lair:5)
  7 hydras
  A boulder beetle (Lair:4)
  An anaconda (Lair:6)
  A centaur warrior (D:9)
  Erica (D:10)
  2 death yaks
  A tengu warrior (D:9)
  Nergalle (Lair:4)
  Pikel (D:7)
  A wolf spider (Lair:4)
  23 elephants
  A torpor snail (Lair:2)
  5 black mambas
  8 cane toads
  6 rime drakes
  Psyche (D:9)
  12 komodo dragons
  2 ice devils (D:11)
  14 polar bears
  Prince Ribbit (D:8)
  13 blink frogs
  6 dream sheep (Lair:6)
  A slime creature (Lair:5)
  Sigmund (D:4)
  2 shadows
  2 tarantellas (Lair:4)
  A wraith (D:10)
  5 wyverns
  Eustachio (D:4)
  A basilisk (Lair:2)
  11 steam dragons (Lair:5)
  86 yaks
  Menkaure (D:6)
  8 vampire mosquitoes
  Duvessa (D:5)
  15 water moccasins
  An acid dragon (D:9)
  3 ice beasts
  A sky beast (D:6)
  5 orc warriors
  3 black bears
  A boggart (D:9)
  3 necrophages
  6 centaurs
  23 wolves
  A lemure (D:7)
  Blork the orc (D:6)
  5 bullfrogs
  4 kobold brigands
  A gnoll sergeant (D:7)
  3 scorpions
  A water moccasin skeleton (D:5)
  Dowan (D:5)
  14 killer bees
  2 howler monkeys
  6 wights (D:8)
  An electric eel (Lair:1)
  3 lava snakes (Lair:4)
  A bullfrog zombie (D:5)
  3 centaur zombies
  10 jellies
  3 hounds
  2 centaur skeletons
  6 orc priests
  Crazy Yiuf (D:2)
  A bullfrog skeleton (D:6)
  3 iguanas
  5 orc wizards
  3 hound skeletons
  9 adders
  12 gnolls
  A white imp (D:7)
  3 ufetubi
  An adder skeleton (D:2)
  A worm (D:3)
  3 dart slugs
  29 orcs
  4 bats
  4 endoplasms
  5 giant cockroaches
  8 goblins
  6 hobgoblins
  8 jackals
  28 kobolds
  4 quokkas
  3 ball pythons
  3 frilled lizards
  7 rats
515 creatures vanquished.

Vanquished Creatures (collateral kills)
  An oklob plant (Lair:6)
  An elephant (Lair:6)
  An ice statue (IceCv)
  A rime drake (Lair:6)
  3 yaks (Lair:6)
  A water moccasin (Lair:6)
8 creatures vanquished.

Vanquished Creatures (others)
  A steam dragon (Lair:5)
  A bush (Lair:6)
  22 fungi
  48 plants
72 creatures vanquished.

Grand Total: 595 creatures vanquished

Notes
Turn   | Place    | Note
-------+----------+-------------------------------------------
     0 | D:1      | rjrrt the Demonspawn Berserker began the quest for the Orb.
     0 | D:1      | Reached XP level 1. HP: 18/18 MP: 1/1
   110 | D:1      | Found a faded altar of an unknown god.
   288 | D:1      | Reached skill level 3 in Axes
   580 | D:1      | Gained mutation: You are partially covered in sharp spines.
                  | [demonic ancestry]
   580 | D:1      | Reached XP level 2. HP: 20/24 MP: 2/2
  1610 | D:2      | Gained mutation: You are mostly covered in sharp spines.
                  | [demonic ancestry]
  1610 | D:2      | Reached XP level 3. HP: 28/29 MP: 3/3
  1668 | D:2      | Found a runed translucent door.
  1669 | D:2      | Noticed Crazy Yiuf
  1677 | D:2      | Killed Crazy Yiuf
  1678 | D:2      | Reached skill level 4 in Axes
  1825 | D:2      | Gained mutation: You regenerate a little health from kills.
                  | [demonic ancestry]
  1825 | D:2      | Reached XP level 4. HP: 35/35 MP: 4/4
  1993 | D:2      | Reached ** piety under Trog
  2122 | D:2      | Reached skill level 5 in Axes
  2421 | D:3      | Gained mutation: You have sharp fingernails. [demonic
                  | ancestry]
  2421 | D:3      | Reached XP level 5. HP: 41/41 MP: 5/5
  2815 | D:3      | Found Usushar's Book Shoppe.
  2859 | D:3      | You fall into a shaft and drop 2 floors!
  2859 | D:5      | Entered Level 5 of the Dungeon
  2868 | D:5      | Reached skill level 6 in Axes
  2869 | D:5      | Gained mutation: You have very sharp fingernails. [demonic
                  | ancestry]
  2869 | D:5      | Reached XP level 6. HP: 47/47 MP: 6/6
  3663 | D:4      | Found a broken altar of Ashenzari.
  3701 | D:4      | Noticed Eustachio
  3727 | D:4      | Killed Eustachio
  3728 | D:4      | Reached skill level 7 in Axes
  3728 | D:4      | Reached XP level 7. HP: 33/52 MP: 7/7
  4400 | D:4      | Found an ornate altar of the Wu Jian Council.
  4400 | D:4      | Noticed Sigmund
  4415 | D:4      | Killed Sigmund
  4416 | D:4      | Reached skill level 8 in Axes
  4816 | D:5      | Found a snail-covered altar of Cheibriados.
  4818 | D:5      | Reached *** piety under Trog
  4902 | D:5      | Reached skill level 9 in Axes
  4902 | D:5      | Gained mutation: You regenerate health from kills. [demonic
                  | ancestry]
  4902 | D:5      | Reached XP level 8. HP: 53/58 MP: 8/8
  4978 | D:5      | Noticed Dowan
  4979 | D:5      | Noticed Duvessa
  4991 | D:5      | Killed Dowan
  4996 | D:5      | Killed Duvessa
  5916 | D:6      | Noticed Blork the orc
  5921 | D:6      | Killed Blork the orc
  6121 | D:6      | Reached XP level 9. HP: 59/66 MP: 9/9
  6198 | D:6      | Reached **** piety under Trog
  6199 | D:6      | Reached skill level 10 in Axes
  6546 | D:6      | Reached skill level 5 in Fighting
  6736 | D:6      | Found a shadowy altar of Dithmenos.
  6807 | D:6      | Noticed Menkaure
  6845 | D:6      | Killed Menkaure
  6960 | D:7      | Noticed Pikel
  6971 | D:7      | Killed Pikel
  7263 | D:7      | Found a staircase to the Ecumenical Temple.
  7376 | D:7      | Gained mutation: You have an unusually large brain. (Int
                  | +2) [demonic ancestry]
  7376 | D:7      | Reached XP level 10. HP: 72/76 MP: 8/10
  7451 | D:7      | Found a stormy altar of Qazlal.
  7663 | D:7      | Found the +3 pair of seven-league boots {Rampage+∞}
  7790 | D:7      | Found a hide-covered altar of Uskayaw.
  7801 | D:7      | Found a shimmering altar of Xom.
  7812 | D:7      | Found a basalt altar of Yredelemnul.
  7955 | D:7      | Reached skill level 11 in Axes
  8251 | D:8      | Noticed Prince Ribbit
  8260 | D:8      | Killed Prince Ribbit
  8261 | D:8      | Reached skill level 5 in Armour
  8261 | D:8      | Reached skill level 5 in Dodging
  8401 | D:8      | Found a staircase to the Lair.
  8494 | D:8      | Reached ***** piety under Trog
  8505 | D:8      | Found a blossoming altar of Fedhas.
  8622 | D:8      | Identified 2 scrolls of acquirement
  8622 | D:8      | Acquired a +0 pair of gloves of dexterity
  8630 | D:8      | Acquired a +2 vampiric executioner's axe
  9210 | D:9      | Noticed Psyche
  9223 | D:9      | Killed Psyche
  9392 | D:9      | Found Weruruex's Book Emporium.
  9550 | D:9      | Reached skill level 12 in Axes
  9555 | D:9      | Noticed a centaur warrior
  9555 | D:9      | Noticed a tengu warrior
  9560 | D:9      | Killed a centaur warrior
  9569 | D:9      | Killed a tengu warrior
  9570 | D:9      | Reached XP level 11. HP: 62/81 MP: 2/11
  9906 | D:10     | Entered Level 10 of the Dungeon
  9936 | D:10     | Reached skill level 13 in Axes
 10045 | D:10     | Noticed a seven-headed hydra
 10057 | D:10     | Killed a 13-headed hydra
 10213 | D:10     | Noticed Erica
 10222 | D:10     | Killed Erica
 10305 | D:10     | Reached skill level 14 in Axes
 10618 | Lair:1   | Entered Level 1 of the Lair of Beasts
 11227 | Lair:1   | Identified the +8 hand axe of Guilt {vorpal, Int-2 Dex+5}
 11805 | Lair:2   | Noticed a death yak
 11811 | Lair:2   | Reached skill level 15 in Axes
 11814 | Lair:2   | Identified the +3 halberd of Corruption {vorpal, *Slow
                  | Dex+8} (Trog gifted it to you on level 2 of the Lair of
                  | Beasts)
 11814 | Lair:2   | Received a gift from Trog
 11819 | Lair:2   | Killed a death yak
 11820 | Lair:2   | Gained mutation: You have claws for hands. [demonic
                  | ancestry]
 11820 | Lair:2   | Reached XP level 12. HP: 88/88 MP: 1/12
 11992 | Lair:2   | Reached skill level 16 in Axes
 12495 | Lair:2   | Found a staircase to the Swamp.
 12916 | Lair:3   | Reached skill level 17 in Axes
 13144 | Lair:3   | Found a hole to the Spider Nest.
 13944 | Lair:4   | Found a runed translucent door.
 13947 | Lair:4   | Noticed Nergalle
 14004 | Lair:4   | Killed Nergalle
 14010 | Lair:4   | Reached XP level 13. HP: 18/93 MP: 4/13
 14235 | Lair:4   | Identified the +8 whip of Currency {venom, Will+ Dex+6
                  | Stlth-}
 14476 | Lair:4   | Identified the amulet "Riwni" {Regen+ Str+4 Dex+3}
 14717 | Lair:4   | Received a gift from Trog
 15179 | Lair:5   | Found a staircase to the Slime Pits.
 15249 | Lair:5   | Reached skill level 18 in Axes
 16018 | Lair:5   | Noticed a fire dragon
 16038 | Lair:5   | Killed a fire dragon
 16039 | Lair:5   | Reached skill level 19 in Axes
 16325 | Lair:6   | Entered Level 6 of the Lair of Beasts
 16338 | Lair:6   | Received a gift from Trog
 16538 | Lair:6   | Gained mutation: You have an extremely huge brain. (Int +4)
                  | [demonic ancestry]
 16538 | Lair:6   | Reached XP level 14. HP: 97/100 MP: 14/14
 17420 | Lair:6   | Reached skill level 20 in Axes
 17940 | D:11     | Found a frozen archway.
 17976 | IceCv    | Entered an ice cave
 18112 | IceCv    | Reached skill level 1 in Evocations
 18365 | IceCv    | Received a gift from Trog
 18408 | IceCv    | Noticed a frost giant
 18431 | IceCv    | HP: 2/101 [frost giant/bolt of cold (21)]
 18431 | IceCv    | Killed from afar by a frost giant

Illustrated notes

Levels and vault maps discovered:
D:1:      dpeg_arrival_concentric_ovals, layout_loops_corners,
          shapermc_ecumenical_altar_starsandcircs
D:2:      minmay_chambers_of_twos, layout_loops_ring, minmay_circle_x,
          uniq_crazy_yiuf_cottage
D:3:      layout_basic, serial_shops, nicolae_shop_crystal
D:4:      layout_loops_ring, nicolae_wu_jian_immortal_techniques,
          overflow_temple_1_default, uniq_sigmund, uniq_eustachio
D:5:      layout_loops_cross, marbit_many_paths, cheibriados_altar_1,
          uniq_duvessa
D:6:      layout_basic, general_overflow_altar, kennysheep_nub,
          hangedman_minor_gate_pass, uniq_menkaure, uniq_blork_the_orc
D:7:      layout_basic, nicolae_overflow_quartered_altars,
          minmay_temple_entry_junction, uniq_pikel
D:8:      layout_cave_pods, lair_entry_dummy, serial_park, serial_park_tiny_2,
          serial_park_central [serial_park_minivault_5x5_8,
          serial_park_minivault_5x5_6], minmay_ruined_shrine,
          uniq_prince_ribbit1
D:9:      layout_gridville, serial_rivers, chequers_serial_rivers_marsh,
          chequers_serial_rivers_marsh, chequers_serial_rivers_room_b,
          chequers_serial_rivers_micro_d, chequers_serial_rivers_small_a,
          chequers_serial_rivers_micro_b, serial_shops,
          nicolae_shop_statue_plus, minmay_fountain_box, minmay_radiant,
          uniq_psyche
D:10:     layout_roguey, uniq_erica
D:11:     layout_roguey, portal_ice_cave_demonic_guard, uniq_erolcha,
          uniq_josephine
Lair:1:   layout_regular_city, chequers_serial_rivers_micro_e,
          nicolae_quartered_pool_super
Lair:2:   layout_misc_corridors, minmay_swamp_entry_swarm, grunt_megastairs_4,
          lemuel_fruit_tree
Lair:3:   layout_chaotic_city, spider_nest_entry_webs,
          infiniplex_staircase_pool_2, serial_bayou_shore_b
Lair:4:   gammafunk_indiana_jones, layout_long_grid, uniq_nergalle
Lair:5:   layout_cave_pods, minmay_slime_entry_pillars,
          chequers_serial_rivers_small_3, bobbens_dragon_lair_wall
Lair:6:   due_jungle_book, layout_hall_layers, dpeg_oklob_1
IceCv:    ice_cave_caverns_01

Skill      XL: |  1  2  3  4  5  6  7  8  9 10 11 12 13 14 |
---------------+-------------------------------------------+-----
Axes           | 3 4 5 6 7 9 10 12 15 17 19 20 | 20.4
Armour         | 3 4 5 |  5.7
Dodging        | 3 4 5 |  5.7
Fighting       | 4 5 6 |  6.7
Evocations     | 2 |  2.1

Action                   |  1- 3 |  4- 6 |  7- 9 | 10-12 | 13-15 || total
-------------------------+-------+-------+-------+-------+-------++-------
Melee: Hand axe          |    63 |    88 |   143 |       |       ||   294
       War axe           |       |       |   129 |    69 |       ||   198
       Executioner's axe |       |       |       |   320 |   446 ||   766
       Whip              |       |       |       |       |    30 ||    30
Throw: Dart              |       |       |       |     3 |     3 ||     6
Invok: Berserk           |     3 |     1 |    11 |     8 |     4 ||    27
       Brothers in Arms  |       |       |       |       |     2 ||     2
Evoke: Wand              |       |       |       |     2 |     3 ||     5
  Use: Scroll            |     4 |     5 |     9 |    11 |     2 ||    31
       Potion            |       |       |       |       |     3 ||     3
Armor: Animal skin       |     9 |       |       |       |       ||     9
       Scale mail        |    11 |    36 |    67 |       |       ||   114
       Plate armour      |       |       |    64 |   385 |   257 ||   706
       Chain mail        |       |       |       |       |    64 ||    64
Dodge: Dodged            |    28 |    42 |   103 |   253 |   360 ||   786

Table legend: (Time is in decaauts)
 A = Elapsed time spent in this place.
 B = Non-inter-level travel time spent in this place.
 C = Inter-level travel time spent in this place.
 D = Time resting spent in this place.
 E = Time spent auto-exploring this place.
 F = Levels seen in this place.
 G = Mean time per level.
                   A        B        C        D        E       F      G
               +--------+--------+--------+--------+--------+-----+--------+
         Total |  18752 |  18029 |    723 |   1537 |  12862 |  18 | 1041.8 |
       Dungeon |  10977 |  10509 |    468 |    845 |   7904 |  11 |  997.9 |
          Lair |   7323 |   7069 |    254 |    658 |   4928 |   6 | 1220.5 |
      Ice Cave |    451 |    451 |      0 |     33 |     30 |   1 |  451.0 |
               +--------+--------+--------+--------+--------+-----+--------+

Top non-repeatable levels by time:
  Lair:4: 1637 daAuts
     D:6: 1478 daAuts
     D:1: 1426 daAuts
  Lair:6: 1424 daAuts
  Lair:1: 1303 daAuts
  Lair:5: 1282 daAuts
     D:8: 1196 daAuts
     D:4: 1186 daAuts
     D:7: 1140 daAuts
     D:2: 1022 daAuts
     D:3: 994 daAuts
     D:5: 983 daAuts
  Lair:2: 925 daAuts
     D:9: 777 daAuts
  Lair:3: 751 daAuts
